 Dungeon Crawl Stone Soup version 0.31-a0-821-gd5cc6f37b9 (webtiles) character file.

Game seed: 2109554628302265547

1992 qw the Skirmisher (level 9, -4/57 HPs)
             Began as a Gargoyle Hunter on Sept 23, 2023.
             Killed from afar by an acid dragon (14 damage)
             ... with a splash of acid
             ... on level 7 of the Dungeon.
             The game lasted 00:02:09 (6075 turns).

qw the Skirmisher (Gargoyle Hunter)                 Turns: 6075, Time: 00:02:09

Health: -4/57      AC: 14    Str: 15    XL:     9   Next: 21%
Magic:  0/9        EV: 11    Int: 10    God:
Gold:   394        SH:  0    Dex: 17    Spells: 8/8 levels left

rFire   . . .        Y - +2 shortbow
rCold   . . .        (shield currently unavailable)
rNeg    + . .        i - +0 ring mail
rPois   inf          (no helmet)
rElec   +            (no cloak)
rCorr   .            (no gloves)
SInv    .            o - +1 pair of boots
Will    .....        d - amulet of guardian spirit
Stlth   +            (no ring)
HPRegen 0.29/turn    (no ring)
MPRegen 0.11/turn

%: guardian spirit
@: about to teleport
A: sickness immunity, AC +6, negative energy resistance 1, electricity
resistance, torment resistance 1, petrification resistance
a: no special abilities


You were on level 7 of the Dungeon.
You visited 1 branch of the dungeon, and saw 7 of its levels.

You collected 394 gold pieces.


Innate Abilities, Weirdness & Mutations

You are immune to sickness and miasma.
Your stone body is resilient. (AC +6)
You are immune to poison.
You resist negative energy. (rN+)
You are resistant to electric shocks. (rElec)
You are resistant to unholy torment.
You are immune to petrification.


   Skills:
 - Level 7.2 Fighting
 + Level 10.3 Ranged Weapons
 - Level 2.3 Armour
 - Level 2.0 Dodging
 - Level 1.1 Stealth


You had 8 spell levels left.
You didn't know any spells.
Your spell library was empty.

Inventory:

Hand Weapons
 Y - a +2 shortbow (weapon)
Armour
 i - a +0 ring mail (worn)
 o - a +1 pair of boots (worn)
Jewellery
 d - an amulet of guardian spirit (around neck)
Scrolls
 a - a scroll of identify
 n - 3 scrolls of teleportation
Potions
 b - a potion of heal wounds
 e - a potion of mutation
 f - 3 potions of curing
 j - a potion of haste
 k - a potion of lignification {unknown}
 l - a potion of enlightenment
 m - a potion of resistance
 p - a potion of cancellation {unknown}

Dungeon Overview and Level Annotations

Branches:
Dungeon (7/15)
 Temple: D:4-7

Altars:
Elyvilon
Zin

Annotations:
D:6 Maggie


Message History

The acid dragon bites you but does no damage.
The acid dragon claws you but does no damage.
You shoot an arrow. The arrow barely misses the orc wizard.
The orc wizard closely misses you. The acid dragon bites you!
The acid dragon barely misses you.
You shoot an arrow. The arrow hits the orc wizard!
You kill the orc wizard!
The acid dragon bites you.
The acid dragon claws you but does no damage.
You shoot an arrow.
The arrow hits the acid dragon but does no damage.
The acid dragon is lightly wounded.
The troll bites you.
The troll claws you but does no damage. x2
The acid dragon bites you. The acid dragon barely misses you.
You shoot an arrow.
The arrow barely misses the acid dragon.
A black bear comes into view.
The troll bites you. The troll claws you but does no damage.
The troll closely misses you. The acid dragon bites you!
The acid dragon misses you.
You shoot an arrow. The black bear growls angrily.
The arrow hits the acid dragon.
The acid dragon is moderately wounded.
You hear a shout!
The troll bites you!
The troll claws you. x2; The acid dragon bites you.
The acid dragon claws you but does no damage.
You shoot an arrow.
The arrow closely misses the acid dragon.
The troll closely misses you. The troll claws you. The troll barely misses you.
A shadow comes into view.
The acid dragon barely misses you. The acid dragon closely misses you.
6075 ||| READING 4 scrolls of teleportation.
As you read the scroll of teleportation, it crumbles to dust.
You feel strangely unstable. The troll barely misses you.
The troll claws you but does no damage. The troll barely misses you.
The acid dragon spits acid at you. The splash of acid hits you!
You die...

........ .
...... #...
..... #...
...# ..#
##..#..#
#...#h###5#
#.?o5o..5#
##DT#....?#
##@# .###T
###..## .#
#.....## .#
#.<....# ..
#..)......# .
.............#
.............#
.............#
#............#


You could see a troll, an orc warrior, a black bear, an acid dragon (catching
breath) and a white imp.

Vanquished Creatures
  A steam dragon (D:6)
  A water moccasin (D:5)
  An ice beast (D:5)
  A sky beast (D:4)
  2 black bears
  2 ogres
  2 phantoms
  A bullfrog (D:6)
  3 scorpions
  4 wights (D:6)
  2 hounds
  A jelly (D:3)
  3 orc priests
  5 iguanas
  4 orc wizards
  3 gnolls (D:2)
  9 adders
  A white imp (D:6)
  2 ufetubi
  2 worms
  A dart slug (D:1)
  16 orcs
  5 ball pythons
  7 endoplasms
  3 giant cockroaches
  3 goblins
  5 hobgoblins
  6 jackals (D:2)
  3 quokkas
  5 bats
  2 frilled lizards
  4 kobolds
  6 rats
116 creatures vanquished.

Vanquished Creatures (others)
  An orc (D:3)
1 creature vanquished.

Grand Total: 117 creatures vanquished

Notes
Turn   | Place    | Note
-------+----------+-------------------------------------------
     0 | D:1      | qw the Gargoyle Hunter began the quest for the Orb.
     0 | D:1      | Reached XP level 1. HP: 12/12 MP: 1/1
     0 | D:1      | 0 ||| qw: Version: 0.3-a-83-gcd0e7d8
     0 | D:1      | 0 ||| qw: Game counter: 1763
     0 | D:1      | 0 ||| qw: Melee chars always use a shield: true
     0 | D:1      | 0 ||| qw: God list: Okawaru
     0 | D:1      | 0 ||| qw: Allow faded altars: false
     0 | D:1      | 0 ||| qw: Do Orc after clearing Dungeon:15 true
     0 | D:1      | 0 ||| qw: Do second Lair branch before Depths: true
     0 | D:1      | 0 ||| qw: Lair rune preference: random
     0 | D:1      | 0 ||| qw: Goals: Normal
     0 | D:1      | 0 ||| PLANNING D:1-11
   336 | D:1      | Reached XP level 2. HP: 17/17 MP: 2/2
   981 | D:1      | 981 ||| UPGRADING to +0 ring mail.
   991 | D:1      | 991 ||| DROPPING +0 leather armour.
   992 | D:1      | 992 ||| UPGRADING to amulet of guardian spirit.
   997 | D:1      | 997 ||| READING scroll labelled URARAE UJUGH.
   998 | D:1      | 998 ||| READING scroll labelled LOTSOESOLI.
  1001 | D:1      | 1001 ||| READING scroll labelled RANUANTI WIUD.
  1002 | D:1      | 1002 ||| DROPPING scroll of butterflies.
  1070 | D:2      | Reached skill level 1 in Armour
  1070 | D:2      | Reached XP level 3. HP: 18/21 MP: 1/3
  1262 | D:2      | Reached skill level 5 in Ranged Weapons
  1357 | D:2      | 1357 ||| RETREEAATING.
  1363 | D:2      | 1363 ||| FLEEEEING.
  1364 | D:2      | 1364 ||| FLEEEEING.
  1365 | D:2      | 1365 ||| FLEEEEING.
  1366 | D:2      | 1366 ||| FLEEEEING.
  1374 | D:2      | Reached skill level 3 in Fighting
  1374 | D:2      | Reached XP level 4. HP: 19/28 MP: 4/4
  1536 | D:2      | Found a faded altar of an unknown god.
  1782 | D:2      | 1782 ||| READING scroll labelled MIUPPE QIOT.
  1783 | D:2      | 1783 ||| READING scroll labelled YLUMAU QIOB.
  1784 | D:2      | 1784 ||| READING scroll labelled JOFEME CIOM.
  1785 | D:2      | 1785 ||| READING scroll labelled MYOBLEONGI.
  1979 | D:3      | 1979 ||| READING scroll of enchant weapon.
  1979 | D:3      | 1979 ||| ENCHANTING +1 shortbow.
  2001 | D:3      | Reached XP level 5. HP: 24/32 MP: 3/5
  2135 | D:3      | Reached skill level 6 in Ranged Weapons
  2371 | D:3      | Found a white marble altar of Elyvilon.
  2663 | D:3      | 2663 ||| READING scroll labelled JELYPPOUG EWY.
  2664 | D:3      | 2664 ||| READING 2 scrolls labelled NIHEBB LIFECW.
  2665 | D:3      | 2665 ||| READING scroll labelled YRAUGH NEOH.
  2684 | D:3      | 2684 ||| READING scroll labelled CIESHR IRREXIY.
  2685 | D:3      | 2685 ||| DRINKING 2 black potions.
  2686 | D:3      | 2686 ||| DRINKING 2 fuming sapphire potions.
  2687 | D:3      | 2687 ||| DROPPING potion of magic.
  2754 | D:4      | Reached XP level 6. HP: 37/39 MP: 6/6
  2811 | D:4      | Noticed a sky beast
  2825 | D:4      | Killed a sky beast
  2959 | D:4      | Reached skill level 7 in Ranged Weapons
  2959 | D:4      | Reached XP level 7. HP: 44/44 MP: 7/7
  3236 | D:4      | Reached skill level 8 in Ranged Weapons
  3723 | D:4      | Found a glowing silver altar of Zin.
  3797 | D:4      | 3797 ||| READING scroll labelled DIL NAWICVI.
  3825 | D:5      | Entered Level 5 of the Dungeon
  3830 | D:5      | 3830 ||| STAIRDANCE
  3843 | D:5      | 3843 ||| STAIRDANCE
  3918 | D:5      | 3918 ||| DROPPING +2 sling of flaming.
  4001 | D:5      | Reached XP level 8. HP: 48/49 MP: 8/8
  4109 | D:5      | Reached skill level 9 in Ranged Weapons
  4293 | D:5      | Reached skill level 6 in Fighting
  4761 | D:5      | 4761 ||| UPGRADING to +0 pair of boots.
  4766 | D:5      | 4766 ||| READING scroll of enchant armour.
  4766 | D:5      | 4766 ||| ENCHANTING +0 pair of boots.
  4767 | D:5      | 4767 ||| DRINKING 2 orange potions.
  4768 | D:5      | 4768 ||| READING 4 scrolls of identify.
  4768 | D:5      | 4768 ||| IDENTIFYING red potion
  4769 | D:5      | 4769 ||| READING 3 scrolls of identify.
  4769 | D:5      | 4769 ||| IDENTIFYING amethyst potion
  4770 | D:5      | 4770 ||| READING 2 scrolls of identify.
  4770 | D:5      | 4770 ||| IDENTIFYING fuming silvery potion
  4771 | D:5      | 4771 ||| DROPPING potion of degeneration.
  4999 | D:6      | 4999 ||| Stepping ~*~*~tactically~*~*~ (retreating).
  5000 | D:6      | 5000 ||| Stepping ~*~*~tactically~*~*~ (retreating).
  5001 | D:6      | 5001 ||| Stepping ~*~*~tactically~*~*~ (retreating).
  5013 | D:6      | 5013 ||| Stepping ~*~*~tactically~*~*~ (retreating).
  5014 | D:6      | 5014 ||| Stepping ~*~*~tactically~*~*~ (retreating).
  5023 | D:6      | 5023 ||| Stepping ~*~*~tactically~*~*~ (retreating).
  5024 | D:6      | 5024 ||| Stepping ~*~*~tactically~*~*~ (retreating).
  5025 | D:6      | 5025 ||| Stepping ~*~*~tactically~*~*~ (retreating).
  5026 | D:6      | 5026 ||| Stepping ~*~*~tactically~*~*~ (retreating).
  5027 | D:6      | 5027 ||| Stepping ~*~*~tactically~*~*~ (retreating).
  5044 | D:6      | Reached skill level 10 in Ranged Weapons
  5132 | D:6      | Reached XP level 9. HP: 55/56 MP: 7/9
  5850 | D:6      | 5850 ||| DRINKING 2 ruby potions.
  5851 | D:6      | 5851 ||| READING 3 scrolls of identify.
  5851 | D:6      | 5851 ||| IDENTIFYING murky grey potion
  5852 | D:6      | 5852 ||| READING 2 scrolls of identify.
  5852 | D:6      | 5852 ||| IDENTIFYING cyan potion
  5853 | D:6      | 5853 ||| DROPPING potion of ambrosia.
  5883 | D:7      | Noticed Maggie
  5885 | D:7      | 5885 ||| STAIRDANCE
  5896 | D:6      | HP: 8/57 [Maggie/+1 long sword of flaming (8)]
  5897 | D:6      | 5897 ||| READING 5 scrolls of teleportation.
  5898 | D:6      | 5898 ||| DRINKING 2 potions of heal wounds.
  6029 | D:7      | 6029 ||| STAIRDANCE
  6034 | D:7      | 6034 ||| STAIRDANCE
  6062 | D:7      | Noticed a troll
  6062 | D:7      | 6062 ||| RETREEAATING.
  6065 | D:7      | 6065 ||| DRINKING 4 potions of curing.
  6065 | D:7      | 6065 ||| (to cure confusion)
  6067 | D:7      | 6067 ||| Stepping ~*~*~tactically~*~*~ (retreating).
  6074 | D:7      | HP: 10/57 [troll (6)]
  6075 | D:7      | 6075 ||| READING 4 scrolls of teleportation.
  6075 | D:7      | Killed from afar by an acid dragon

Levels and vault maps discovered:
D:1:      dpeg_cavernosity, layout_basic
D:2:      layout_loops_ring, shapermc_ecumenical_altar_mp_urbaneastern
D:3:      layout_loops_ring, mainiacjoe_overflow_tiny_flanked, serial_forest,
          infiniplex_forest_clump_diagonal, infiniplex_forest_clump_large,
          infiniplex_forest_clump_C, infiniplex_forest_clump_diagonal,
          infiniplex_forest_straight_5, infiniplex_forest_corner_1,
          infiniplex_forest_clump_diagonal
D:4:      layout_layer_cave, zin_statuary
D:5:      layout_basic
D:6:      layout_loops_corners, corexii_leaking_fountain, serial_park_tiny_2
D:7:      minmay_the_grid_octo_tiled_squarecenter [minmay_the_grid_octo_empty,
          minmay_the_grid_octo_horde, minmay_the_grid_octo_odd_swirl,
          minmay_the_grid_octo_pinwheel,
          minmay_the_grid_square_5x5_megaprize_open,
          minmay_the_grid_square_5x5_eight_small,
          minmay_the_grid_square_5x5_doubleslash,
          minmay_the_grid_square_5x5_spiral, minmay_the_grid_square_5x5_meh],
          layout_cave_pools, minmay_temple_entry_grid, uniq_maggie

Skill      XL: |  1  2  3  4  5  6  7  8  9 |
---------------+----------------------------+-----
Armour         | 1 2 |  2.3
Ranged Weapons | 5 6 7 8 10 | 10.3
Fighting       | 3 4 5 6 7 |  7.2
Dodging        | 2 |  2.0
Stealth        | |  1.1

Action                     |  1- 3 |  4- 6 |  7- 9 || total
---------------------------+-------+-------+-------++-------
   Fire: Shortbow          |    94 |   127 |   271 ||   492
    Use: Scroll            |     3 |     9 |     9 ||    21
         Potion            |       |     2 |     4 ||     6
 Armour: Leather armour    |    13 |       |       ||    13
         Ring mail         |    22 |    48 |   148 ||   218
  Dodge: Dodged            |    25 |    30 |    87 ||   142

Table legend:
 A = Non-vault XP
 B = Vault XP
 C = Vault XP percentage of total XP
 D = Non-vault monster count
 E = Vault monster count
 F = Vault count percentage of total count
                 A         B        C        D         E       F
            +---------+---------+-------+---------+---------+-------
      Total |    2805 |      41 |   1.4 |     111 |       5 |   4.3
            +---------+---------+-------+---------+---------+-------
        D:1 |      22 |       6 |  21.4 |      12 |       4 |  25.0
        D:2 |      84 |       0 |   0.0 |      21 |       0 |   0.0
        D:3 |     194 |       0 |   0.0 |      21 |       0 |   0.0
        D:4 |     750 |       0 |   0.0 |      17 |       0 |   0.0
        D:5 |     681 |       0 |   0.0 |      16 |       0 |   0.0
        D:6 |    1039 |       0 |   0.0 |      23 |       0 |   0.0
        D:7 |      35 |      35 |  50.0 |       1 |       1 |  50.0
            +---------+---------+-------+---------+---------+-------
